 Dungeon Sprint DCSS version 0.29-a0-717-g6dac4ea423 (webtiles) character file.

Game seed: 1794909092790723698

57 mhtbhm the Covert (level 3, -2/16 HPs)
             Began as a Spriggan Enchanter on June 26, 2022.
             Slain by a human (6 damage)
             ... in the Dungeon (Sprint III: "The Ten Rune Challenge").
             The game lasted 00:00:48 (111 turns).

mhtbhm the Covert (Spriggan Enchanter)               Turns: 111, Time: 00:00:48

Health: -2/16      AC:  2    Str:  4    XL:     3   Next: 73%
Magic:  5/9        EV: 18    Int: 16    God:
Gold:   12         SH:  0    Dex: 17    Spells: 2/10 levels left

rFire   . . .      SeeInvis +   a - +1 dagger
rCold   . . .      Faith    .   (no shield)
rNeg    . . .      Spirit   .   b - +0 robe
rPois   .          Reflect  .   (helmet restricted)
rElec   .          Harm     .   (no cloak)
rCorr   .          Rampage  .   (gloves unavailable)
Will    .....      NoTele   +   (boots unavailable)
Stlth   ++++......              (no amulet)
HPRegen 0.05/turn               (no ring)
MPRegen 0.11/turn               (no ring)

@: confusing by touch, very quick
A: very small, no large weapons, unfitting armour, see invisible, speed 3
a: no special abilities


You were in the Dungeon.
You visited 1 branch You collected 12 gold pieces.

Inventory:

Hand Weapons
 a - a +1 dagger (weapon)
Armour
 b - a +0 robe (worn)
 j - a +2 cloak
Wands
 h - a wand of flame (12)
Scrolls
 i - a scroll of blinking
Potions
 c - 2 potions of invisibility
 d - 2 potions of curing
 e - a potion of heal wounds
 f - a potion of haste
 g - 2 potions of magic


   Skills:
 + Level 1.1 Short Blades
 + Level 3.9 Dodging
 + Level 8.0 Stealth
 + Level 4.1 Spellcasting
 + Level 6.8 Hexes


You had 2 spell levels left.
You knew the following spells:

 Your Spells              Type           Power      Damage    Failure   Level
a - Ensorcelled Hibernat  Hex/Ice        28%        N/A       6%          2
b - Confusing Touch       Hex            25%        N/A       3%          3
c - Tukima's Dance        Hex            25%        N/A       3%          3

Your spell library contained the following spells:

 Spells                   Type           Power      Damage    Failure   Level
 Dazzling Flash           Conj/Hex       28%        N/A       12%         3


Dungeon Overview and Level Annotations

Branches:
Dungeon (1/1)

Altars:


Innate Abilities, Weirdness & Mutations

You are very small and have problems with some larger weapons.
You are too small for most types of armour.
You have supernaturally acute eyesight. (SInv)
You cover ground extremely quickly. (Speed+++)


Message History

a +2 quarterstaff of chaos; a +2 cloak
j - a +2 cloak Cast which spell? (? or * to list)
You don't know that spell.
Unknown command.
Cast which spell? (? or * to list)
Aiming: Ensorcelled Hibernation (safe; 6% risk of failure)
Press: ? - help, Shift-Dir - straight line, f - human
Aim: a human (chance to affect: 48%)
The human looks drowsy...
Unknown command.
You barely miss the human. The human barely misses you.
Casting: Ensorcelled Hibernation (safe; 6% risk of failure)
Confirm with . or Enter, or press ? or * to list all spells.
The spell is quite dangerous to miscast (3% risk of failure)!
Continue anyway?
Okay, then.
You hit the human.
The human is lightly wounded.
You hit the human.
The human is lightly wounded.
The human hits you!
Ouch! That really hurt!
You barely miss the human.
The human is lightly wounded.
The human hits you.
You hit the human. You punch the human.
The human is moderately wounded.
The human closely misses you.
You closely miss the human.
The human is moderately wounded.
The human closely misses you.
Casting: Confusing Touch (quite dangerous; 3% risk of failure)
Confirm with . or Enter, or press ? or * to list all spells.
The spell is quite dangerous to miscast (3% risk of failure)!
Continue anyway?
Your hands begin to glow red.
The human hits you.
* * * LOW HITPOINT WARNING * * *
You hit the human but do no damage.
The human is moderately wounded.
The human hits you.
You die...

▓▓▓▓ ▓▓▓▓▓▓ ▓<.#
+....♣♣ ▓..#
#..)..♣
▓#'####..@.♣♣
▓.....#...p≈♣♣♣
▓.....#...≈≈..♣.
▓.....#..≈≈≈≈....
▓####'#..≈≈≈≈≈≈.♣
▓.....#.≈≈≈≈≈≈....
▓.....#.≈≈≈≈≈.....
▓...).#.≈≈≈.......
▓'#####..........


You could see a human.

Vanquished Creatures
  Crazy Yiuf (D)
  Jessica (D)
  2 endoplasms (D)
4 creatures vanquished.

Notes
Turn   | Place    | Note
-------+----------+-------------------------------------------
     0 | D        | mhtbhm the Spriggan Enchanter began the quest for the Orb.
     0 | D        | Reached XP level 1. HP: 9/9 MP: 5/5
    13 | D        | Noticed Jessica
    19 | D        | Killed Jessica
    20 | D        | Reached skill level 6 in Stealth
    20 | D        | Reached XP level 2. HP: 13/13 MP: 5/7
    20 | D        | Reached XP level 3. HP: 16/16 MP: 6/9
    45 | D        | Learned a level 2 spell: Ensorcelled Hibernation
    49 | D        | Learned a level 3 spell: Confusing Touch
    53 | D        | Learned a level 3 spell: Tukima's Dance
    86 | D        | Noticed Crazy Yiuf
    93 | D        | Killed Crazy Yiuf
    94 | D        | Reached skill level 8 in Stealth
   111 | D        | Slain by a human

Illustrated notes

Levels and vault maps discovered:
D:        dungeon_sprint_mu [sprint_mu_entry_forest, sprint_mu_temple_rooms,
          sprint_mu_d1_spiders, sprint_mu_d2_genie, sprint_mu_d3_branching,
          sprint_mu_orc_legion, sprint_mu_elf_gauntlet, sprint_mu_hive_nellie,
          sprint_mu_lair_fedhas, sprint_mu_vaults_butterflies,
          sprint_mu_slime_circle, sprint_mu_swamp_cave, sprint_mu_snake_twists,
          sprint_mu_blade_basic, sprint_mu_crypt_lich, sprint_mu_tomb_spiral,
          sprint_mu_vestibule_basic, sprint_mu_gehenna_hellfire,
          sprint_mu_dis_giant, sprint_mu_tartarus_statrot,
          sprint_mu_cocytus_islands, sprint_mu_zot1]

Skill      XL: |  1  2  3 |
---------------+----------+-----
Hexes          | 6 |  6.8
Dodging        | 3 |  3.9
Stealth        | 6 8 |  8.0
Spellcasting   | 3 4 |  4.1
Short Blades   | |  1.1

Action                   || total
-------------------------++-------
Melee: Dagger            ||    12
       Punch             ||     1
 Cast: Confusing Touch   ||     1
       Ensorcelled Hiber ||     1
  Use: Potion            ||     1
 Stab: Sleeping          ||     3
Dodge: Dodged            ||     4

Table legend: (Time is in decaauts)
 A = Elapsed time spent in this place.
 B = Non-inter-level travel time spent in this place.
 C = Inter-level travel time spent in this place.
 D = Time resting spent in this place.
 E = Time spent auto-exploring this place.
 F = Levels seen in this place.
 G = Mean time per level.
                   A        B        C        D        E       F      G
               +--------+--------+--------+--------+--------+-----+--------+
         Total |    107 |    107 |      0 |     37 |      0 |   1 |  107.0 |
       Dungeon |    107 |    107 |      0 |     37 |      0 |   1 |  107.0 |
               +--------+--------+--------+--------+--------+-----+--------+

Top non-repeatable levels by time:
       D: 107 daAuts
